 Dungeon Crawl Stone Soup version 0.16-a0-2034-ge585701 (webtiles) character file.

715 Demise101 the Caregiver (level 8, -6/54 HPs)
             Began as a Formicid Healer on Nov 10, 2014.
             Was a Believer of Elyvilon.
             Mangled by a yak (10 damage)
             ... on level 9 of the Dungeon.
             The game lasted 00:15:05 (7323 turns).

Demise101 the Caregiver (Formicid Healer)           Turns: 7323, Time: 00:15:05

Health: -6/54      AC: 10    Str: 24    XL:     8   Next: 1%
Magic:  20/22      EV:  7    Int: 17    God:    Elyvilon [**....]
Gold:   119        SH:  0    Dex: 10    Spells: 0 memorised, 7 levels left

rFire  . . .     SeeInvis +     c - +2 flail
rCold  . . .     Clarity  .     w - +0 chain mail
rNeg   . . .     SustAb   .     (no shield)
rPois  .         Gourm    .     (helmet unavailable)
rElec  .         Spirit   .     s - +0 cloak
rCorr  .         Warding  .     y - +0 pair of gloves
rMut   .         Stasis   +     (no boots)
MR     .....                    (no amulet)
Stlth  ..........               m - ring of invisibility
                                p - ring of stealth

@: mighty, brilliant, not resistant to hostile enchantments, extremely
unstealthy
A: permanent stasis, dig shafts and tunnels, four strong arms, antennae 3
a: Dig, Shaft Self, Lesser Healing, Lesser Self-Healing, Divine Protection,
Purification, Renounce Religion, Evoke Invisibility


You were on level 9 of the Dungeon.
You worshipped Elyvilon.
Elyvilon was pleased with you.
You were very hungry.

You visited 1 branch of the dungeon, and saw 9 of its levels.
You also visited: Sewer.

You collected 119 gold pieces.

Inventory:

Hand weapons
 c - a +2 flail (weapon)
 e - a +0 whip
 r - a +0 mace
Missiles
 j - 13 poisoned needles
 v - 4 tomahawks (quivered)
Armour
 g - a +0 scale mail
 k - a +0 robe
 l - a +0 leather armour
 s - a +0 cloak (worn)
 w - a +0 chain mail (worn)
 y - a +0 pair of gloves (worn)
Jewellery
 m - a ring of invisibility (right hand)
 p - a ring of stealth (left hand)
Magical devices
 q - a wand of digging (11)
 t - a wand of confusion (0)
Scrolls
 a - a scroll of blinking
 n - 2 scrolls of remove curse
Potions
 f - a potion of magic
 i - 3 potions of might
Comestibles
 d - 2 bread rations


   Skills:
 - Level 1.1 Fighting
 - Level 1.7 Dodging
 + Level 10.3 Invocations


You had 7 spell levels left.
You didn't know any spells.

Dungeon Overview and Level Annotations

Branches:
Dungeon (9/15)               Lair (0/8) D:9
 Temple: D:4-7          Orc: D:9-12

Altars:
Elyvilon

Annotations:
D:5 Prince Ribbit


Innate Abilities, Weirdness & Mutations

You are under a permanent stasis effect.
You can dig through walls and to a lower floor.
Your four strong arms can wield two-handed weapons with a shield.
You have a pair of large antennae on your head (SInv).


Message History

Unknown command.
Use which ability? (? or * to list)
You are healed.
You are feeling very hungry.
The yak gores you but does no damage.
Unknown command.
Unknown command.
You hit the yak.
The yak is heavily wounded.
The yak gores you.
You sock the yak!
The yak is severely wounded.
The yak gores you!
* * * LOW HITPOINT WARNING * * *
You hit the yak.
The yak is severely wounded.
The yak gores you!
* * * LOW HITPOINT WARNING * * *
The yak gores you!
You die...

#.............#
##......).......
#.......>.......#
###...............#
.................#.
###{{{.o....o....
#{{{.o......?..
####{#####.####.
#@#{## ... ##Y##
#### ###


You could see a yak.

Vanquished Creatures
  An ogre (D:9)
  4 big kobolds (Sewer)
  A giant frog (D:9)
  4 worker ants
  A black bear skeleton (D:4)
  2 green rats
  2 worms
  2 giant mites
  3 oozes
  An orc (D:4)
  4 giant cockroaches
  4 goblins
  9 hobgoblins
  5 jackals
  2 kobolds
  2 quokkas (D:2)
  2 ball pythons
  6 bats
  A giant newt (D:2)
  A green rat skeleton (Sewer)
  4 green rat zombies (Sewer)
  9 rats
  3 rat skeletons (Sewer)
73 creatures vanquished.

Vanquished Creatures (others)
  A gnoll (D:3)
  A giant mite (D:4)
  2 orcs (D:7)
  2 bats
  3 hobgoblins
  A kobold (D:2)
  A giant newt (D:3)
  A goblin (D:3)
  2 rats
14 creatures vanquished.

Grand Total: 87 creatures vanquished

Notes
Turn   | Place    | Note
--------------------------------------------------------------
     0 | D:1      | Demise101, the Formicid Healer, began the quest for the Orb.
     0 | D:1      | Reached XP level 1. HP: 15/15 MP: 2/2
     6 | D:1      | Noticed a salamander
     6 | D:1      | Noticed a hound
     6 | D:1      | Noticed a worker ant
   342 | D:1      | Reached skill level 4 in Invocations
   342 | D:1      | Reached XP level 2. HP: 19/21 MP: 5/5
  1068 | D:2      | Reached XP level 3. HP: 22/26 MP: 7/7
  1825 | D:2      | Reached skill level 5 in Invocations
  2510 | D:2      | Reached XP level 4. HP: 22/32 MP: 7/9
  3162 | D:3      | Found a white marble altar of Elyvilon.
  3951 | D:3      | Reached skill level 6 in Invocations
  4331 | D:3      | Reached XP level 5. HP: 23/37 MP: 13/13
  4716 | D:4      | Reached skill level 7 in Invocations
  4857 | D:4      | Reached XP level 6. HP: 36/43 MP: 13/16
  4871 | D:5      | Entered Level 5 of the Dungeon
  5116 | D:5      | Noticed Prince Ribbit
  5136 | D:5      | You dive into a shaft for 2 floors!
  5562 | D:7      | Noticed an orc warrior
  5744 | D:6      | Found a glowing drain.
  5784 | Sewer    | Entered a sewer
  5909 | Sewer    | Reached skill level 8 in Invocations
  6015 | Sewer    | Reached XP level 7. HP: 34/48 MP: 17/19
  6321 | Sewer    | Reached skill level 9 in Invocations
  7292 | D:5      | You fall through a shaft!
  7298 | D:6      | You fall through a shaft for 3 floors!
  7298 | D:9      | Found a staircase to the Lair.
  7298 | D:9      | Noticed a yak
  7298 | D:9      | Noticed a yak
  7318 | D:9      | Reached skill level 10 in Invocations
  7318 | D:9      | Reached XP level 8. HP: 15/54 MP: 20/22
  7323 | D:9      | Mangled by a yak

Action                   |  1- 3 |  4- 6 |  7- 9 || total
-------------------------+-------+-------+-------++-------
Melee: Whip              |   155 |    47 |       ||   202
       Unarmed           |     8 |       |       ||     8
       Mace              |       |    71 |       ||    71
       Flail             |       |    75 |    96 ||   171
Throw: Tomahawk          |     2 |     8 |       ||    10
Invok: Lesser Healing    |    24 |    63 |    14 ||   101
       Lesser Self-Heali |     1 |       |     3 ||     4
 Abil: Dig               |     1 |     1 |     5 ||     7
       Shaft Self        |       |     1 |     2 ||     3
Evoke: Wand              |       |     6 |       ||     6
  Use: Scroll            |     2 |     9 |     2 ||    13
       Potion            |       |     6 |     4 ||    10
 Stab: Confused          |       |     3 |       ||     3
  Eat: Chunk             |     6 |     7 |       ||    13
       Bread ration      |     1 |     3 |       ||     4
       Meat ration       |       |       |     1 ||     1
       Royal jelly       |       |       |     1 ||     1
